 Dungeon Crawl Stone Soup version 0.29-a0-575-g0dc89cf053 (webtiles) character file.

Game seed: 1402848741234928787

1057 xian the Thaumaturge (level 8, -2/42 HPs)
             Began as a Deep Elf Conjurer on June 12, 2022.
             Was an Initiate of Gozag.
             Slain by scottley's ghost (8 damage)
             ... on level 6 of the Dungeon.
             The game lasted 00:11:00 (5365 turns).

xian the Thaumaturge (Deep Elf Conjurer)            Turns: 5365, Time: 00:11:01

Health: -2/42      AC:  5    Str:  4    XL:     8   Next: 6%
Magic:  14/22      EV: 12    Int: 26    God:    Gozag
Gold:   280        SH:  0    Dex: 19    Spells: 20/23 levels left

rFire   + + .      SeeInvis .   v - +2 dire flail (drain)
rCold   + . .      Faith    .   (shield currently unavailable)
rNeg    . . .      Spirit   .   f - +1 leather armour of Vlad {Drain rElec rPois rF++}
rPois   +          Reflect  .   d - +0 helmet
rElec   +          Harm     .   (no cloak)
rCorr   .          Rampage  .   (no gloves)
Will    .....                   (no boots)
Stlth   +++.......              s - amulet of regeneration
HPRegen 0.94/turn               j - ring of protection from cold
MPRegen 0.18/turn               l - +6 ring of dexterity

@: no status effects
A: no striking features
a: Renounce Religion, Potion Petition, Call Merchant, Bribe Branch


You were on level 6 of the Dungeon.
You worshipped Gozag.
Gozag was aware of your devotion.
You visited 2 branches of the dungeon, and saw 7 of its levels.

You collected 533 gold pieces.
You spent 173 gold pieces at shops.
You paid 80 gold pieces to Gozag.

Inventory:

Hand Weapons
 v - a +2 dire flail of draining (weapon)
Armour
 d - a +0 helmet (worn)
 f - the +1 leather armour of Vlad (worn) {Drain rElec rPois rF++}
   (You found it on level 6 of the Dungeon)

   rF:        It greatly protects you from fire.
   rElec:     It insulates you from electricity.
   rPois:     It protects you from poison.
   Drain:     It drains your maximum health when unequipped.
Jewellery
 e - an amulet of reflection
 j - a ring of protection from cold (left hand)
 l - a +6 ring of dexterity (right hand)
 s - an amulet of regeneration (around neck)
Wands
 r - a wand of digging (3)
 u - a wand of iceblast (5)
Scrolls
 g - 3 scrolls of enchant armour
 k - a scroll of fog
 p - 3 scrolls of poison
Potions
 b - a potion of magic
 c - 3 potions of attraction
 h - a potion of cancellation
 i - a potion of haste {unknown}
 m - a potion of invisibility {unknown}
 n - 2 potions of might
 o - a potion of brilliance {unknown}
 q - 2 potions of lignification
 t - 3 potions of heal wounds {unknown}


   Skills:
 + Level 0.8 Fighting
 + Level 0.7 Short Blades
 + Level 2.9 Dodging
 + Level 4.7 Stealth
 + Level 8.3 Spellcasting
 + Level 8.1 Conjurations


You had 20 spell levels left.
You knew the following spells:

 Your Spells              Type           Power      Damage    Failure   Level
a - Magic Dart            Conj           100%       1d8       1%          1
b - Searing Ray           Conj           100%       2d8       1%          2

Your spell library contained the following spells:

 Spells                   Type           Power      Damage    Failure   Level
 Dazzling Flash           Conj/Hex       62%        N/A       5%          3
 Freeze                   Ice            40%        1d6       10%         1
 Sting                    Tmut/Pois      40%        1d5       10%         1
 Poisonous Vapours        Pois/Air       20%        N/A       16%         2
 Fulminant Prism          Conj/Hex       15%        3d11      19%         4
 Iskenderun's Mystic Bla  Conj/Tloc      31%        2d8       19%         4
 Leda's Liquefaction      Hex/Erth       5%         N/A       69%         4
 Olgreb's Toxic Radiance  Pois           10%        N/A       69%         4
 Lee's Rapid Deconstruct  Erth           5%         3d7*      95%         5
 Dispersal                Tloc           5%         N/A       100%        6
 Statue Form              Tmut/Erth      6%         N/A       100%        6
 Disjunction              Tloc           5%         N/A       100%        8


Dungeon Overview and Level Annotations

Branches:
Dungeon (6/15)             Temple (1/1) D:4

Altars:
Ashenzari
Cheibriados
Elyvilon
Gozag
Kikubaaqudgha
Makhleb
Nemelex Xobeh
Qazlal
Trog
Uskayaw
Vehumet
Xom
Zin
The Shining One

Shops:
D:1 ?   D:4 *

Annotations:
D:6 scottley's ghost, novice TrFi


Message History

Found a scroll of immolation.
You open the door.
Scottley's ghost shouts, "You must not succeed where I failed!"
Casting: Searing Ray (safe; 1% risk of failure)
Confirm with . or Enter, or press ? or * to list all spells.
Aiming: Searing Ray (safe; 1% risk of failure)
Press: ? - help, Shift-Dir - straight line, f - scottley's ghost
Aim: scottley's ghost (85% to hit)
The searing ray hits scottley's ghost.
Scottley's ghost is lightly damaged. (Press . to maintain the ray.) Scottley's ghost barely misses you.
The searing ray hits scottley's ghost!
Scottley's ghost is lightly damaged.
Scottley's ghost completely misses you.
The searing ray hits scottley's ghost.
Scottley's ghost is moderately damaged.
Scottley's ghost hits you!
The searing ray hits scottley's ghost!
Scottley's ghost is moderately damaged.
You finish channelling your searing ray.
Scottley's ghost hits you!!
Casting: Searing Ray (safe; 1% risk of failure)
Confirm with . or Enter, or press ? or * to list all spells.
Aiming: Searing Ray (safe; 1% risk of failure)
Press: ? - help, Shift-Dir - straight line, f/p - scottley's ghost
Aim: scottley's ghost (moderately damaged, 85% to hit)
The searing ray hits scottley's ghost!
Scottley's ghost is heavily damaged. (Press . to maintain the ray.) Scottley's ghost hits you but does no damage.
The searing ray hits scottley's ghost.
Scottley's ghost is heavily damaged.
Scottley's ghost hits you!
* * * LOW HITPOINT WARNING * * *
The searing ray hits scottley's ghost!
Scottley's ghost is heavily damaged.
Scottley's ghost hits you!
You die...
Your body crumbles into a pile of gold.

. #.#.##
≈≈..######....###
.≈..............
..?.####.#....##
. #.#.#..##
#.......#
###.###.#
##......#
##...@...#
##...#W#...#
##...##.##...#
#...##...##....
#..##.....##...
#..#⌠.?♣!.⌠#...
#..##..!..##..#
#...##...##...#
##...##⌠##...#


You could see scottley's ghost.

Vanquished Creatures
  A sky beast (D:6)
  A black bear (D:6)
  An ogre (D:5)
  A phantom (D:5)
  A necrophage (D:5)
  2 scorpions
  4 wights (D:6)
  A howler monkey (D:5)
  2 hounds (D:5)
  3 orc priests (D:5)
  An orc wizard (D:5)
  An iguana (D:5)
  4 adders
  4 worms
  7 orcs
  6 endoplasms
  5 giant cockroaches
  4 goblins
  6 hobgoblins
  7 kobolds
  A quokka (D:3)
  6 ball pythons
  4 bats
  4 frilled lizards
  2 rats (D:1)
79 creatures vanquished.

Vanquished Creatures (others)
  2 fungi (D:1)
  3 plants (D:1)
5 creatures vanquished.

Grand Total: 84 creatures vanquished

Notes
Turn   | Place    | Note
-------+----------+-------------------------------------------
     0 | D:1      | xian the Deep Elf Conjurer began the quest for the Orb.
     0 | D:1      | Reached XP level 1. HP: 10/10 MP: 6/6
   287 | D:1      | Found a faded altar of an unknown god.
   291 | D:1      | Reached XP level 2. HP: 15/15 MP: 4/8
   329 | D:1      | Got Plato's Compendium of Snow
   451 | D:1      | Found Qegodanao's Magic Scroll Shop.
   454 | D:1      | Bought a scroll of identify for 28 gold pieces
   870 | D:2      | Reached skill level 5 in Conjurations
  1066 | D:2      | Reached XP level 3. HP: 19/19 MP: 5/9
  2026 | D:3      | Learned a level 2 spell: Searing Ray
  2026 | D:3      | Noticed a scorpion
  2034 | D:3      | Killed a scorpion
  2035 | D:3      | Reached XP level 4. HP: 24/24 MP: 1/12
  2591 | D:4      | Reached XP level 5. HP: 28/28 MP: 9/13
  2754 | D:4      | Found a staircase to the Ecumenical Temple.
  2766 | Temple   | Entered the Ecumenical Temple
  2818 | Temple   | Became a worshipper of Gozag Ym Sagoz the Greedy
  3211 | D:4      | Found Awkuzeor's Assorted Antiques.
  3222 | D:4      | Bought a dented ruby amulet for 145 gold pieces
  3908 | D:5      | Entered Level 5 of the Dungeon
  3939 | D:5      | Reached skill level 5 in Spellcasting
  4120 | D:5      | Reached XP level 6. HP: 32/32 MP: 10/16
  4706 | D:5      | Reached XP level 7. HP: 36/36 MP: 11/19
  5245 | D:6      | Identified the +1 leather armour of Vlad {Drain rElec rPois
                  | rF++}
  5294 | D:6      | Reached XP level 8. HP: 42/42 MP: 16/22
  5326 | D:6      | Noticed scottley's ghost (novice TrFi)
  5329 | D:6      | Found a runed translucent door.
  5365 | D:6      | Slain by scottley's ghost

Illustrated notes

Levels and vault maps discovered:
D:1:      shiori_arrival_elements, layout_basic,
          shapermc_ecumenical_altar_rom_forum, serial_shops,
          nicolae_shop_behind_doors
D:2:      layout_rooms, chequers_jeans
D:3:      layout_basic, columned_hall_lemuel, minmay_checkerbox
D:4:      layout_layer_cave, minmay_temple_entry_wispy, serial_shops,
          nicolae_lakefront_shop, serial_rivers, chequers_serial_rivers_micro_b,
          chequers_serial_rivers_micro_d, chequers_serial_rivers_small_b,
          chequers_serial_rivers_micro_b, chequers_serial_rivers_small_3,
          chequers_serial_rivers_small_a
D:5:      layout_basic
D:6:      layout_loops_corners, mainiacjoe_overflow_concentric_impassable,
          mainiacjoe_overflow_cross_hatched, mainiacjoe_overflow_boulevard,
          hellmonk_ghost_happy_afterlife
Temple:   zaba_magenta_temple

Skill      XL: |  1  2  3  4  5  6  7 |
---------------+----------------------+-----
Conjurations   | 5 6 7 8 |  8.1
Stealth        | 3 4 |  4.7
Spellcasting   | 4 5 6 8 |  8.3
Fighting       | |  0.8
Short Blades   | |  0.7
Dodging        | |  2.9

Action                   |  1- 3 |  4- 6 |  7- 9 || total
-------------------------+-------+-------+-------++-------
Melee: Short sword       |       |     6 |     4 ||    10
 Cast: Magic Dart        |    93 |    44 |       ||   137
       Searing Ray       |       |    10 |    11 ||    21
  Use: Scroll            |     7 |     5 |       ||    12
Armor: Robe              |     3 |     2 |     4 ||     9
       Leather armour    |       |       |     1 ||     1
Dodge: Dodged            |     3 |     6 |    10 ||    19

Table legend: (Time is in decaauts)
 A = Elapsed time spent in this place.
 B = Non-inter-level travel time spent in this place.
 C = Inter-level travel time spent in this place.
 D = Time resting spent in this place.
 E = Time spent auto-exploring this place.
 F = Levels seen in this place.
 G = Mean time per level.
                   A        B        C        D        E       F      G
               +--------+--------+--------+--------+--------+-----+--------+
         Total |   5372 |   5118 |    254 |    100 |   4329 |   7 |  767.4 |
       Dungeon |   5298 |   5044 |    254 |    100 |   4289 |   6 |  883.0 |
        Temple |     74 |     74 |      0 |      0 |     40 |   1 |   74.0 |
               +--------+--------+--------+--------+--------+-----+--------+

Top non-repeatable levels by time:
     D:4: 1437 daAuts
     D:5: 1136 daAuts
     D:1: 866 daAuts
     D:3: 846 daAuts
     D:2: 691 daAuts
     D:6: 320 daAuts
  Temple: 74 daAuts
